Map: [ESL] Alcyone

Players

GogojOey

  • Race: Zerg Zerg
  • Spawn Location: 7:00

MeomaikA - Winner!

  • Race: Zerg Zerg
  • Spawn Location: 1:00

Event: ESL SC2 Masters 2023 Winter (Regional)

VOD

Have the link to the VOD?

Description

Time

  • Played on: Nov. 5, 2023, 7:13 a.m.
  • Length: 7:09
Show
View Real Time Build Order
Export as new Build Order

GogojOey Zerg 

Build Orders: Pool First 

Get SALT Encoding   

  12  0:00  Drone  
  13  0:12  Overlord  
  13  0:16  Drone  
  14  0:30  Drone x2  
  16  0:40  Spawning Pool  
  15  0:44  Drone  
  15  0:47  Drone  
  17  1:09  Hatchery  
  16  1:11  Drone  
  17  1:25  Extractor  
  16  1:27  Zergling x4  
  16  1:28  Queen  
  20  1:35  Overlord  
  20  1:39  Drone  
  21  1:49  Drone  
  22  2:01  Drone  
  23  2:04  Queen  
  25  2:10  Drone  
  26  2:21  Queen  
  26  2:22  Drone x2  
  29  2:32  Drone  
  29  2:33  Drone  
  31  2:39  Overlord  
  31  2:40  Drone  
  31  2:41  Drone  
  31  2:43  Drone  
  34  2:54  Lair  
  34  2:55  Drone x2  
  38  3:05  Drone x2  
  38  3:06  Evolution Chamber  
  38  3:10  Roach Warren  
  36  3:16  Drone x2  
  36  3:17  Drone  
  36  3:18  Drone  
  40  3:20  Drone  
  40  3:26  Evolution Chamber  
  40  3:28  Overlord  
  39  3:35  Overlord  
  39  3:42  Extractor  
  39  3:44  Zerg Missile Weapons Level 1  
  39  3:46  Drone  
  39  3:48  Drone x4  
  43  3:52  Extractor  
  43  3:54  Overseer  
  46  3:55  Roach x2  
  46  4:01  Roach  
  46  4:02  Roach  
  50  4:08  Overlord  
  50  4:19  Glial Reconstitution, Overlord  
  50  4:25  Drone x2  
  52  4:36  Overlord, Hatchery  
  52  4:37  Drone  
  52  4:39  Zerg Ground Armor Level 1  
  52  4:40  Drone  
  52  4:44  Roach  
  55  4:49  Roach x2  
  59  4:54  Roach  
  59  4:55  Roach  
  59  4:57  Drone  
  59  4:59  Roach  
  66  5:03  Drone x2  
  66  5:05  Roach  
  70  5:09  Roach  
  70  5:13  Overlord  
  72  5:15  Roach  
  72  5:20  Overseer  
  76  5:21  Roach  
  76  5:25  Overlord  
  76  5:27  Overlord  
  76  5:31  Overlord  
  76  5:34  Roach, Spine Crawler  
  77  5:37  Roach  
  77  5:40  Roach  
  77  5:41  Roach  
  83  5:45  Roach  
  83  5:46  Roach  
  87  5:53  Drone x4  
  87  5:55  Roach  
  93  6:02  Drone  
  95  6:06  Roach x3  
  101  6:11  Overlord  
  101  6:17  Roach  
  101  6:18  Roach x2  
  107  6:24  Roach x3  
  113  6:30  Roach x2, Spine Crawler  
  110  6:33  Roach  
  110  6:39  Roach x2  
  100  6:42  Zergling x6, Roach  
  77  6:47  Roach  
  77  6:49  Roach  
Show
View Real Time Build Order
Export as new Build Order

MeomaikA Zerg - Winner!

Build Orders: Pool First 

Get SALT Encoding   

  12  0:00  Drone  
  13  0:12  Overlord  
  13  0:16  Drone  
  14  0:31  Drone x2  
  14  0:34  Drone  
  17  0:44  Spawning Pool  
  17  0:46  Drone  
  17  1:07  Hatchery  
  17  1:10  Drone  
  17  1:12  Extractor  
  17  1:15  Drone  
  17  1:20  Drone  
  18  1:30  Queen  
  18  1:32  Zergling x2  
  21  1:39  Drone  
  22  1:49  Overlord  
  22  2:07  Drone, Queen  
  25  2:11  Drone, Metabolic Boost  
  26  2:19  Queen  
  26  2:20  Zergling x2  
  29  2:27  Drone  
  30  2:30  Drone  
  30  2:32  Drone  
  32  2:41  Drone x2  
  32  2:43  Drone x2  
  36  2:49  Overlord  
  36  3:11  Drone  
  36  3:12  Drone x3  
  40  3:15  Hatchery  
  39  3:22  Drone  
  39  3:23  Drone x3  
  39  3:26  Overlord  
  43  3:29  Drone  
  43  3:31  Overlord  
  44  3:39  Extractor  
  44  3:40  Extractor, Lair  
  42  3:42  Drone  
  42  3:46  Drone x2  
  45  3:49  Drone x2  
  45  3:53  Drone  
  48  3:58  Roach Warren  
  48  4:00  Drone  
  48  4:03  Drone x3  
  48  4:07  Evolution Chamber  
  50  4:10  Overlord  
  50  4:15  Overlord  
  50  4:34  Zerg Missile Weapons Level 1  
  50  4:38  Roach x6  
  60  4:39  Glial Reconstitution, Roach x2  
  60  4:43  Drone x2  
  68  4:46  Roach  
  68  4:51  Roach x2  
  74  5:02  Overlord x2  
  74  5:03  Overlord x2  
  74  5:21  Roach x8  
  88  5:23  Roach  
  88  5:25  Roach  
  88  5:27  Roach  
  96  5:30  Roach  
  96  5:31  Roach  
  96  5:34  Roach  
  102  5:36  Roach  
  102  5:38  Roach  
  102  5:41  Overlord  
  106  5:45  Overlord  
  105  5:50  Overlord  
  105  6:00  Roach x4, Overlord  
  105  6:04  Roach x2  
  115  6:05  Roach  
  115  6:07  Roach  
  115  6:09  Roach  
  123  6:12  Roach  
  123  6:14  Roach  
  123  6:16  Roach  
  129  6:19  Roach  
  129  6:20  Roach  
  129  6:23  Roach  
  135  6:28  Roach  
  135  6:31  Roach  
  136  6:33  Roach x2  
  136  6:36  Roach  
  130  6:41  Roach  
  130  6:42  Roach x2  
  130  6:43  Roach  
  130  6:46  Roach  
  132  6:47  Drone  
  133  6:54  Drone  
  133  6:55  Drone  
  133  6:56  Drone  
Tags
 
Add a new tag
Caveats
  • Supply blocks, unpowered buildings, or Contaminate may cause inaccurate times.
  • Supply counts are checked every 10 seconds.